NTL
DULUTH-SUPERIOR DUKES @ HURON CUBS
06/02/1982
 
TOP OF THE 1ST
Duluth-Superior Dukes batting - Pitching for Huron Cubs : RHP Charles Hudson
Pitching: RHP Charles Hudson
Batting: RHB Hector Cervantes 0-0: Ball
1-0: Swinging Strike
1-1: SINGLE (Groundball, 56D, EV 104.4 MPH)
Batting: RHB Jim Ferguson 0-0: Ball
Hector Cervantes is caught stealing 2nd base 2-4
1-0: Ball
2-0: Called Strike
2-1: Called Strike
2-2: Ground out 4-3 (Groundball, 4S, EV 86.9 MPH)
Batting: RHB Ricky Sheetz 0-0: Called Strike
0-1: Foul Ball, location: 2F
0-2: Strikes out swinging
Top of the 1st over - 0 runs, 1 hit, 0 errors, 0 left on base; Duluth-Superior 0 - Huron 0
BOTTOM OF THE 1ST
Huron Cubs batting - Pitching for Duluth-Superior Dukes : RHP Francis Cutty
Pitching: RHP Francis Cutty
Batting: RHB Ivan Calderon 0-0: Called Strike
0-1: Ball
1-1: Ground out 4-3 (Groundball, 4, EV 103.1 MPH)
Batting: SHB Keith Smith 0-0: Foul Ball, location: 2F
0-1: SINGLE (Groundball, 3D, EV 98.8 MPH)
Batting: RHB Mark Carreon 0-0: Ball
1-0: Ball
2-0: Called Strike
2-1: Swinging Strike
2-2: Fly out, F7 (Line Drive, 7, EV 103.1 MPH)
Batting: RHB John Alvarez 0-0: Ball
1-0: Called Strike
1-1: Ball
Wild Pitch!
Keith Smith to second
2-1: Ball
3-1: Base on Balls
Batting: LHB Willis Gonzalez 0-0: Ball
1-0: Called Strike
1-1: Fly out, F6 (Popup, 6, EV 74.4 MPH)
Bottom of the 1st over - 0 runs, 1 hit, 0 errors, 2 left on base; Duluth-Superior 0 - Huron 0
TOP OF THE 2ND
Duluth-Superior Dukes batting - Pitching for Huron Cubs : RHP Charles Hudson
Batting: LHB Ralph Bryant 0-0: Swinging Strike
0-1: Ball
1-1: Ball
2-1: Ball
3-1: Swinging Strike
3-2: Base on Balls
Batting: RHB Leo Vargas 0-0: Grounds into double play, 6-4-3 (Groundball, 6, EV 101.3 MPH)
Batting: SHB Garry Humpston 0-0: Swinging Strike
0-1: Ball
1-1: Foul Ball, location: 2F
1-2: Strikes out swinging
Top of the 2nd over - 0 runs, 0 hits, 0 errors, 0 left on base; Duluth-Superior 0 - Huron 0
BOTTOM OF THE 2ND
Huron Cubs batting - Pitching for Duluth-Superior Dukes : RHP Francis Cutty
Batting: RHB Mike Stellern 0-0: Foul Ball, location: 2F
0-1: Ball
1-1: Called Strike
1-2: Strikes out swinging
Batting: RHB Duffy Ryan 0-0: Ball
1-0: Called Strike
1-1: Ground out 5-3 (Groundball, 56, EV 89.4 MPH)
Batting: RHB Ray Ortega 0-0: Ball
1-0: Called Strike
1-1: Ball
2-1: Foul Ball, location: 2F
2-2: Strikes out swinging, 2-3 out at first.
Bottom of the 2nd over - 0 runs, 0 hits, 0 errors, 0 left on base; Duluth-Superior 0 - Huron 0
TOP OF THE 3RD
Duluth-Superior Dukes batting - Pitching for Huron Cubs : RHP Charles Hudson
Batting: RHB Pete Rice 0-0: Ball
1-0: Called Strike
1-1: Ball
2-1: Ball
3-1: Ground out U3 (Groundball, 13, EV 90.0 MPH)
Batting: RHB Gary Hinson 0-0: Called Strike
0-1: Called Strike
0-2: Ball
1-2: Ball
2-2: Strikes out looking
Batting: RHB Allan Garray 0-0: Called Strike
0-1: Ball
1-1: Called Strike
1-2: Ball
2-2: Strikes out swinging
Top of the 3rd over - 0 runs, 0 hits, 0 errors, 0 left on base; Duluth-Superior 0 - Huron 0
BOTTOM OF THE 3RD
Huron Cubs batting - Pitching for Duluth-Superior Dukes : RHP Francis Cutty
Batting: SHB Chris Pittaro 0-0: Ball
1-0: Called Strike
1-1: Fly out, F7 (Flyball, 7D, EV 96.3 MPH)
Batting: RHB Ivan Calderon 0-0: Called Strike
0-1: Ball
1-1: Ball
2-1: Ball
3-1: Called Strike
3-2: Base on Balls
Batting: SHB Keith Smith 0-0: Ball
1-0: Called Strike
1-1: Called Strike
1-2: DOUBLE (Line Drive, 5D, EV 98.8 MPH)
Ivan Calderon to third
Batting: RHB Mark Carreon 0-0: Ball
1-0: Foul Ball, location: 2F
1-1: Fly out, F9 (Flyball, 9S, EV 78.8 MPH)
Runner from 3rd tags up, SCORES, throw by RF
Batting: RHB John Alvarez 0-0: Ball
1-0: Swinging Strike
1-1: Ball
2-1: Ball
3-1: Ground out 6-3 (Groundball, 6, EV 81.3 MPH)
Bottom of the 3rd over - 1 run, 1 hit, 0 errors, 1 left on base; Duluth-Superior 0 - Huron 1
TOP OF THE 4TH
Duluth-Superior Dukes batting - Pitching for Huron Cubs : RHP Charles Hudson
Batting: RHB Hector Cervantes 0-0: Called Strike
0-1: Called Strike
0-2: Fly out, F7 (Flyball, 7S, EV 89.4 MPH)
Batting: RHB Jim Ferguson 0-0: Fly out, F8 (Line Drive, 8LM, EV 103.8 MPH)
Batting: RHB Ricky Sheetz 0-0: Foul Ball, location: 2F
0-1: SOLO HOME RUN (Flyball, 9LD, EV 90.6 MPH), Distance : 347 ft
Batting: LHB Ralph Bryant 0-0: Fly out, F8 (Line Drive, 8LM, EV 91.9 MPH)
Top of the 4th over - 1 run, 1 hit, 0 errors, 0 left on base; Duluth-Superior 1 - Huron 1
BOTTOM OF THE 4TH
Huron Cubs batting - Pitching for Duluth-Superior Dukes : RHP Francis Cutty
Batting: LHB Willis Gonzalez 0-0: Called Strike
0-1: SOLO HOME RUN (Flyball, 89XD, EV 101.9 MPH), Distance : 404 ft
Batting: RHB Mike Stellern 0-0: Swinging Strike
0-1: Called Strike
0-2: Ball
1-2: Ball
2-2: Strikes out swinging
Batting: RHB Duffy Ryan 0-0: Called Strike
0-1: Swinging Strike
0-2: Foul Ball, location: 2F
0-2: Ball
1-2: Ball
2-2: Strikes out swinging
Batting: RHB Ray Ortega 0-0: Called Strike
0-1: Swinging Strike
0-2: Foul Ball, location: 2F
0-2: Strikes out swinging
Bottom of the 4th over - 1 run, 1 hit, 0 errors, 0 left on base; Duluth-Superior 1 - Huron 2
TOP OF THE 5TH
Duluth-Superior Dukes batting - Pitching for Huron Cubs : RHP Charles Hudson
Batting: RHB Leo Vargas 0-0: Fly out, F8 (Line Drive, 8LM, EV 94.4 MPH)
Batting: SHB Garry Humpston 0-0: Ball
1-0: Foul Ball, location: 2F
1-1: Ball
2-1: Fly out, F9 (Flyball, 9, EV 85.0 MPH)
Batting: RHB Pete Rice 0-0: Ball
1-0: Called Strike
1-1: Ground out 6-3 (Groundball, 56, EV 110.0 MPH)
Top of the 5th over - 0 runs, 0 hits, 0 errors, 0 left on base; Duluth-Superior 1 - Huron 2
BOTTOM OF THE 5TH
Huron Cubs batting - Pitching for Duluth-Superior Dukes : RHP Francis Cutty
Batting: SHB Chris Pittaro 0-0: Fly out, F9 (Flyball, 89M, EV 89.4 MPH)
Batting: RHB Ivan Calderon 0-0: Ball
1-0: Foul Ball, location: 2F
1-1: Ball
2-1: Ball
3-1: Foul Ball, location: 2F
3-2: DOUBLE (Line Drive, 7LM, EV 111.9 MPH)
Batting: SHB Keith Smith 0-0: DOUBLE (Line Drive, 5D, EV 107.5 MPH)
Ivan Calderon scores
Batting: RHB Mark Carreon 0-0: Intentional Walk
Batting: RHB John Alvarez 0-0: Ball
1-0: Fielders Choice at 2nd, 5-4 (Groundball, 56, EV 108.8 MPH)
Keith Smith to third
Batting: LHB Willis Gonzalez 0-0: Ball
1-0: Ball
2-0: Called Strike
2-1: Swinging Strike
2-2: Ball
3-2: Ground out 4-3 (Groundball, 4S, EV 76.9 MPH)
Bottom of the 5th over - 1 run, 2 hits, 0 errors, 2 left on base; Duluth-Superior 1 - Huron 3
TOP OF THE 6TH
Duluth-Superior Dukes batting - Pitching for Huron Cubs : RHP Charles Hudson
Batting: RHB Gary Hinson 0-0: Called Strike
0-1: Called Strike
0-2: Fly out, F8 (Flyball, 89M, EV 81.3 MPH)
Batting: RHB Allan Garray 0-0: Ball
1-0: Ball
2-0: SINGLE (Line Drive, 4MD, EV 101.3 MPH)
Batting: RHB Hector Cervantes 0-0: Called Strike
0-1: Ball
Wild Pitch!
Allan Garray to second
1-1: Ball
2-1: Ball
3-1: Foul Ball, location: 2F
3-2: SINGLE (Groundball, 56, EV 85.0 MPH) (infield hit)
Allan Garray to third
Batting: RHB Jim Ferguson 0-0: Called Strike
0-1: Ball
1-1: SINGLE (Line Drive, 8LS, EV 98.8 MPH)
Allan Garray scores
Hector Cervantes to second
Batting: RHB Ricky Sheetz 0-0: Ball
1-0: Ball
2-0: Called Strike
2-1: Called Strike
2-2: Foul Ball, location: 2F
2-2: Ball
3-2: Foul Ball, location: 2F
3-2: Foul Ball, location: 2F
3-2: Base on Balls
Hector Cervantes to third
Jim Ferguson to second
Batting: LHB Ralph Bryant 0-0: Swinging Strike
0-1: Swinging Strike
0-2: Ball
Passed Ball!
Hector Cervantes scores
Jim Ferguson to third
Ricky Sheetz to second
1-2: Ball
2-2: Ball
3-2: Base on Balls
Batting: RHB Leo Vargas 0-0: Ball
1-0: Ball
2-0: Ball
3-0: Called Strike
3-1: SINGLE (Groundball, 56D, EV 94.4 MPH)
Jim Ferguson scores
Ricky Sheetz to third
Ralph Bryant to second
Runner from 3rd tries for Home, SAFE, throw by LF to home
Batting: SHB Garry Humpston 0-0: Ball
1-0: Ball
2-0: Called Strike
2-1: Ball
3-1: Foul Ball, location: 2F
3-2: Fielders Choice at 2nd, 3-6 (Groundball, 3, EV 101.3 MPH)
Ralph Bryant to third
Batting: RHB Pete Rice 0-0: Ball
1-0: Ball
2-0: Called Strike
2-1: Ball
3-1: Base on Balls
Garry Humpston to second
Batting: RHB Gary Hinson 0-0: Fly out, F4 (Popup, 13S, EV 89.4 MPH)
Top of the 6th over - 4 runs, 4 hits, 0 errors, 3 left on base; Duluth-Superior 5 - Huron 3
BOTTOM OF THE 6TH
Huron Cubs batting - Pitching for Duluth-Superior Dukes : RHP Francis Cutty
Batting: RHB Mike Stellern 0-0: Ball
1-0: Ball
2-0: Foul Ball, location: 2F
2-1: Ground out 6-3 (Groundball, 56, EV 105.6 MPH)
Batting: RHB Duffy Ryan 0-0: Ball
1-0: Called Strike
1-1: Fly out, F7 (Flyball, 7, EV 83.8 MPH)
Batting: RHB Ray Ortega 0-0: Ball
1-0: Called Strike
1-1: Ball
2-1: Fly out, F8 (Flyball, 8RXD, EV 103.1 MPH)
Bottom of the 6th over - 0 runs, 0 hits, 0 errors, 0 left on base; Duluth-Superior 5 - Huron 3
TOP OF THE 7TH
Duluth-Superior Dukes batting - Pitching for Huron Cubs : RHP Charles Hudson
Batting: RHB Allan Garray 0-0: SINGLE (Groundball, 4D, EV 97.5 MPH)
Batting: RHB Hector Cervantes 0-0: Ball
1-0: Bunt missed!
1-1: Bunted foul
1-2: Fielders Choice at 2nd, 6-4 (Groundball, 6MS, EV 87.5 MPH)
Batting: RHB Jim Ferguson 0-0: DOUBLE (Line Drive, 7LM, EV 91.9 MPH)
Hector Cervantes to third
Runner from 3rd tries for Home, SAFE, throw by LF to trailing runner, SAFE at third!
Pitching: RHP Rich Carlucci
Batting: RHB Ricky Sheetz 0-0: Called Strike
0-1: Foul Ball, location: 2F
0-2: Ball
1-2: Foul Ball, location: 2F
1-2: SINGLE (Groundball, 56D, EV 106.9 MPH)
Jim Ferguson scores
Batting: LHB Ralph Bryant 0-0: Fly out, F9 (Flyball, 9D, EV 94.4 MPH)
Runner from 1st tags up, SAFE at 2nd
Batting: RHB Leo Vargas 0-0: Foul Ball, location: 2F
0-1: Ball
1-1: Foul Ball, location: 2F
1-2: DOUBLE (Line Drive, 78D, EV 112.5 MPH)
Ricky Sheetz scores
Batting: SHB Garry Humpston 0-0: Foul Ball, location: 2F
0-1: Ground out 3-1 (Groundball, 13, EV 81.3 MPH)
Top of the 7th over - 3 runs, 4 hits, 0 errors, 1 left on base; Duluth-Superior 8 - Huron 3
BOTTOM OF THE 7TH
Huron Cubs batting - Pitching for Duluth-Superior Dukes : RHP Francis Cutty
Batting: SHB Chris Pittaro 0-0: Ball
1-0: DOUBLE (Flyball, 89D, EV 100.0 MPH)
Batting: RHB Ivan Calderon 0-0: Called Strike
0-1: Ball
1-1: Fly out, F8 (Flyball, 78M, EV 83.1 MPH)
Batting: SHB Keith Smith 0-0: Fly out, F7 (Flyball, 7, EV 79.4 MPH)
Batting: RHB Mark Carreon 0-0: Called Strike
0-1: Ball
1-1: Fly out, F3 (Popup, 34, EV 69.4 MPH)
Bottom of the 7th over - 0 runs, 1 hit, 0 errors, 1 left on base; Duluth-Superior 8 - Huron 3
TOP OF THE 8TH
Duluth-Superior Dukes batting - Pitching for Huron Cubs : RHP Rich Carlucci
Batting: RHB Pete Rice 0-0: Ball
1-0: Called Strike
1-1: Ball
2-1: Foul Ball, location: 2F
2-2: Fly out, F9 (Flyball, 89M, EV 93.8 MPH)
Batting: RHB Gary Hinson 0-0: Called Strike
0-1: Foul Ball, location: 2F
0-2: Strikes out swinging
Batting: RHB Allan Garray 0-0: Called Strike
0-1: Ball
1-1: SOLO HOME RUN (Flyball, 7D, EV 88.8 MPH), Distance : 375 ft
Batting: RHB Hector Cervantes 0-0: Ball
1-0: Called Strike
1-1: SINGLE (Groundball, 6MD, EV 106.3 MPH)
Batting: RHB Jim Ferguson 0-0: Ball
1-0: Swinging Strike
1-1: Ball
Hector Cervantes steals 2nd base (no throw)
2-1: Ball
3-1: Called Strike
3-2: Base on Balls
Batting: RHB Ricky Sheetz 0-0: Ball
1-0: Ball
2-0: Fly out, F8 (Flyball, 8RS, EV 92.5 MPH)
Top of the 8th over - 1 run, 2 hits, 0 errors, 2 left on base; Duluth-Superior 9 - Huron 3
BOTTOM OF THE 8TH
Huron Cubs batting - Pitching for Duluth-Superior Dukes : RHP Francis Cutty
Batting: RHB John Alvarez 0-0: Called Strike
0-1: Ball
1-1: Ball
2-1: SINGLE (Flyball, 7LS, EV 96.3 MPH)
Batting: LHB Willis Gonzalez 0-0: Called Strike
0-1: Fielders Choice at 2nd, 6-4 (Groundball, 6, EV 78.8 MPH)
Batting: RHB Mike Stellern 0-0: Ball
1-0: Called Strike
1-1: Foul Ball, location: 2F
1-2: Ball
2-2: SINGLE (Line Drive, 78S, EV 91.3 MPH)
Willis Gonzalez to second
Batting: RHB Duffy Ryan 0-0: Fielders Choice at 2nd, 5-4 (Groundball, 56S, EV 88.1 MPH)
Willis Gonzalez to third
Batting: RHB Ray Ortega 0-0: Called Strike
0-1: Ball
1-1: Ball
2-1: DOUBLE (Flyball, 89D, EV 100.6 MPH)
Willis Gonzalez scores
Duffy Ryan to third
Batting: SHB Chris Pittaro 0-0: Called Strike
0-1: Ball
1-1: Foul Ball, location: 2F
1-2: Foul Ball, location: 2F
1-2: Foul Ball, location: 2F
1-2: Strikes out swinging
Bottom of the 8th over - 1 run, 3 hits, 0 errors, 2 left on base; Duluth-Superior 9 - Huron 4
TOP OF THE 9TH
Duluth-Superior Dukes batting - Pitching for Huron Cubs : RHP Rich Carlucci
Batting: LHB Ralph Bryant 0-0: Foul Ball, location: 2F
0-1: Ground out 3-1 (Groundball, 34S, EV 88.8 MPH)
Batting: RHB Leo Vargas 0-0: Ball
1-0: SINGLE (Groundball, 56D, EV 100.6 MPH)
Pitching: RHP Jose Lopez
Batting: SHB Garry Humpston 0-0: Ball
1-0: Ball
2-0: Swinging Strike
2-1: Swinging Strike
2-2: Grounds into double play, 6-4-3 (Groundball, 6M, EV 76.3 MPH)
Top of the 9th over - 0 runs, 1 hit, 0 errors, 0 left on base; Duluth-Superior 9 - Huron 4
BOTTOM OF THE 9TH
Huron Cubs batting - Pitching for Duluth-Superior Dukes : RHP Francis Cutty
Batting: RHB Ivan Calderon 0-0: Called Strike
0-1: Foul Ball, location: 2F
0-2: Ball
1-2: Foul Ball, location: 2F
1-2: Ball
2-2: Ball
3-2: Base on Balls
Batting: SHB Keith Smith 0-0: Ball
1-0: Called Strike
1-1: Ball
2-1: Ground out U3 (Groundball, 13, EV 86.9 MPH)
Ivan Calderon to second
Batting: RHB Mark Carreon 0-0: Foul Ball, location: 2F
0-1: Ball
1-1: Ball
2-1: Ball
3-1: Fly out, F7 (Flyball, 7S, EV 90.0 MPH)
Pitching: RHP Ruben Gotay
Batting: RHB John Alvarez 0-0: Fly out, F8 (Flyball, 89D, EV 100.0 MPH)
Bottom of the 9th over - 0 runs, 0 hits, 0 errors, 1 left on base; Duluth-Superior 9 - Huron 4
Wednesday, August 5th, 2020 - OOTP Baseball 21.5 Build 76